Map: Inside and Out

Players

NoboDy

  • Race: Terran Terran
  • League: Diamond
  • Spawn Location: 7:00

HOHOHO - Winner!

  • Race: Terran Terran
  • Spawn Location: 1:00

VOD

Have the link to the VOD?

Description

Time

  • Played on: July 23, 2022, 6:51 a.m.
  • Length: 10:53
Show
View Real Time Build Order
Export as new Build Order

NoboDy Terran 

Build Orders:  

Get SALT Encoding   

  12  0:00  SCV  
  13  0:12  SCV  
  14  0:18  Supply Depot  
  14  0:24  SCV  
  15  0:37  Refinery  
  15  0:42  Barracks  
  15  0:47  SCV  
  16  0:59  SCV  
  17  1:11  SCV  
  18  1:23  SCV  
  19  1:29  Reaper  
  20  1:35  SCV  
  21  1:42  Command Center  
  21  1:49  SCV  
  22  1:57  Supply Depot  
  22  2:01  SCV  
  22  2:04  Refinery  
  22  2:07  Barracks Reactor  
  23  2:19  SCV  
  24  2:23  Factory  
  23  2:33  Orbital Command  
  23  2:41  Barracks  
  23  2:45  Marine  
  23  2:50  Marine  
  22  3:15  Marine x2  
  22  3:19  Factory Tech Lab  
  23  3:30  Barracks Tech Lab  
  23  3:34  Marine x2  
  23  3:38  Siege Tank  
  23  3:40  SCV x2  
  30  3:51  Stimpack  
  30  3:52  Marine, SCV  
  30  3:56  Orbital Command  
  30  4:00  Marine x2  
  30  4:09  Marine  
  29  4:17  Siege Tank  
  29  4:18  Marine x2  
  29  4:21  SCV  
  35  4:27  Marine  
  35  4:36  Marine  
  36  4:44  Starport  
  36  4:49  Marine  
  36  4:50  Marine, Widow Mine  
  36  4:51  SCV x2  
  35  5:17  SCV  
  35  5:18  SCV  
  37  5:30  SCV x2  
  37  5:34  Starport Reactor  
  39  5:36  Combat Shield  
  39  5:42  SCV x2  
  41  5:46  Engineering Bay  
  41  5:48  Engineering Bay  
  41  5:54  SCV x2  
  41  5:55  Marine x3  
  46  6:11  Supply Depot  
  46  6:15  Supply Depot  
  46  6:18  Terran Infantry Weapons Level 1  
  46  6:25  Missile Turret  
  46  6:29  Missile Turret  
  46  6:33  Marine x2, Widow Mine, SCV x2  
  46  6:40  Marine  
  46  6:41  Medivac  
  46  6:45  SCV x2  
  48  6:57  SCV x2  
  50  7:02  Terran Infantry Armor Level 1, Refinery  
  50  7:07  Widow Mine  
  52  7:09  SCV x2  
  54  7:21  SCV x2  
  56  7:22  Refinery  
  56  7:25  Missile Turret  
  56  7:26  Marine  
  56  7:27  Marine  
  58  7:34  SCV x2  
  60  7:46  SCV x2  
  62  7:52  Command Center  
  62  8:05  Supply Depot  
  62  8:07  Missile Turret  
  62  8:12  Supply Depot  
  62  8:15  Neosteel Armor  
  62  8:16  SCV  
  62  8:26  Marine  
  62  8:27  Marine, Marauder  
  62  8:29  Supply Depot x2  
  65  8:36  Siege Tank  
  68  8:45  Armory  
  68  8:47  Barracks  
  68  8:49  Marauder  
  68  8:52  Concussive Shells  
  68  8:53  Marine x2  
  72  8:58  SCV x2  
  74  9:03  Hi-Sec Auto Tracking  
  74  9:08  Widow Mine  
  74  9:09  Orbital Command  
  76  9:16  Marine, Marauder  
  79  9:18  SCV  
  80  9:30  Factory  
  80  9:34  SCV x2  
  80  9:36  Orbital Command  
  80  9:37  Barracks Tech Lab  
  80  9:38  Refinery  
  83  9:41  Refinery  
  83  9:44  Marine x2  
  83  9:45  Marauder  
  85  9:46  SCV  
  85  9:51  Siege Tank  
  89  10:03  SCV x2  
  86  10:33  Marine x2  
Show
View Real Time Build Order
Export as new Build Order

HOHOHO Terran - Winner!

Build Orders: Gas First Reaper Expand, Liberator Opening, Mech 

Get SALT Encoding   

  12  0:00  SCV  
  13  0:12  SCV  
  14  0:17  Supply Depot  
  14  0:24  SCV  
  14  0:27  Refinery  
  15  0:38  SCV  
  16  0:44  Barracks  
  16  0:51  SCV  
  17  1:03  SCV  
  18  1:15  SCV  
  19  1:33  Orbital Command, Reaper  
  20  1:50  Command Center  
  20  2:01  SCV  
  21  2:06  Factory  
  21  2:10  Barracks Reactor  
  21  2:14  SCV  
  22  2:18  Refinery  
  22  2:29  SCV  
  23  2:30  Supply Depot  
  23  2:52  Starport, SCV  
  24  3:00  Barracks Tech Lab  
  24  3:01  Hellion x2  
  24  3:04  SCV  
  29  3:13  Orbital Command  
  29  3:17  SCV  
  30  3:26  Hellion x2  
  34  3:33  SCV  
  35  3:40  Liberator  
  38  3:44  SCV  
  38  3:46  Supply Depot, SCV  
  40  3:49  Hellion, Refinery  
  42  4:01  SCV  
  43  4:04  Hellion  
  45  4:19  SCV x2  
  45  4:21  Command Center  
  45  4:23  Supply Depot  
  47  4:26  Raven  
  47  4:28  Barracks Tech Lab, Hellion  
  49  4:37  Hellion  
  44  4:40  SCV x2  
  44  4:46  Refinery  
  44  4:49  Hellion  
  47  4:52  SCV  
  47  4:53  SCV  
  47  4:59  Factory, Hellion  
  50  5:04  Factory, SCV  
  51  5:08  SCV  
  52  5:21  Hellion x2  
  56  5:22  Barracks Reactor  
  56  5:26  Supply Depot  
  56  5:27  SCV  
  57  5:32  SCV  
  57  5:34  Orbital Command  
  58  5:39  SCV  
  59  5:43  Armory  
  59  5:44  Armory, SCV  
  60  5:51  SCV  
  60  5:53  Siege Tank  
  64  5:57  Infernal Pre-Igniter, Siege Tank  
  64  6:03  Hellion x2  
  71  6:08  Viking  
  71  6:11  SCV  
  74  6:12  SCV  
  74  6:13  SCV  
  74  6:18  Viking  
  78  6:23  SCV  
  78  6:24  Supply Depot  
  78  6:25  Supply Depot  
  79  6:37  Siege Tank x2  
  79  6:39  Orbital Command  
  85  6:42  Terran Vehicle Weapons Level 1, Terran Vehicle And Ship Armor Level 1  
  85  6:45  SCV x2  
  87  6:47  Supply Depot  
  87  6:51  Hellion x2  
  91  6:57  Viking, SCV  
  91  6:58  Viking  
  96  7:02  SCV  
  97  7:09  SCV  
  97  7:10  SCV  
  97  7:12  Refinery x2  
  99  7:15  Supply Depot  
  99  7:17  Supply Depot, SCV  
  99  7:18  Supply Depot  
  100  7:27  Siege Tank x2  
  100  7:28  Hellion  
  108  7:30  SCV  
  109  7:37  Hellion, Supply Depot, SCV  
  109  7:40  Supply Depot  
  109  7:42  Supply Depot, SCV  
  113  7:56  SCV x2  
  113  7:57  Factory x2, SCV  
  116  7:59  Smart Servos  
  116  8:01  Siege Tank  
  116  8:03  Siege Tank  
  122  8:10  Engineering Bay  
  122  8:12  SCV  
  119  8:20  SCV  
  119  8:21  Hellion  
  119  8:22  Hellion, Viking x2  
  128  8:30  Supply Depot x2  
  128  8:31  Supply Depot x2  
  128  8:33  Siege Tank  
  131  8:35  Siege Tank  
  131  8:39  SCV x3  
  137  8:42  Factory Reactor, Factory Tech Lab  
  137  8:58  Command Center  
  137  9:02  Hellion  
  139  9:12  Siege Tank x2  
  139  9:13  Siege Tank  
  139  9:14  Hellion  
  150  9:19  Supply Depot  
  150  9:21  Hellion  
  150  9:22  Hellion  
  150  9:23  Supply Depot  
  154  9:35  Viking x2  
  158  9:44  Siege Tank x2  
  164  9:51  Command Center  
  162  9:56  Siege Tank  
  162  9:57  Hellbat x3  
  165  10:26  Hellion x3  
  177  10:30  Sensor Tower  
  180  10:37  Sensor Tower  
Tags
 
Add a new tag
Caveats
  • Supply blocks, unpowered buildings, or Contaminate may cause inaccurate times.
  • Supply counts are checked every 10 seconds.